 Dungeon Crawl Stone Soup version 0.28-a0-863-g8cecda6153 (webtiles) character file.

Game seed: 14728882533013723738

4352 jasper the Grappler (level 10, 0/60 (70) HPs)
             Began as a Demonspawn Fighter on Nov 18, 2021.
             Was a Believer of Uskayaw.
             Slain by a wight (13 damage)
             ... on level 8 of the Dungeon.
             The game lasted 00:14:43 (8425 turns).

jasper the Grappler (Demonspawn Fighter)            Turns: 8425, Time: 00:14:44

HP:   0/60 (70)     AC: 11    Str: 17    XL:     10   Next: 12%
MP:   10/10         EV:  9    Int: 10    God:    Uskayaw [**....]
Gold: 320           SH:  9    Dex: 21    Spells: 9/9 levels left

rFire   . . .      SeeInvis .     - Unarmed
rCold   . . .      Faith    .   q - +3 buckler
rNeg    . . .      Spirit   .   b - +0 scale mail
rPois   .          Reflect  .   i - +0 helmet
rElec   .          Harm     .   (no cloak)
rCorr   .          Rampage  .   (no gloves)
Will    .....                   e - +0 pair of boots
Stlth   ..........              t - amulet of regeneration
HPRegen 1.20/turn               j - +6 ring of dexterity
MPRegen 0.12/turn               (no ring)

@: heavily drained
A: yellow scales 2, powered by death 1, demonic touch 2
a: Renounce Religion, Stomp, Line Pass


You were on level 8 of the Dungeon.
You worshipped Uskayaw.
Uskayaw was noncommittal.
You visited 2 branches of the dungeon, and saw 9 of its levels.
You also visited: Ossuary.

You collected 320 gold pieces.

Inventory:

Hand Weapons
 a - a +0 long sword
Missiles
 f - 220 stones
 l - 6 javelins
 w - 18 poisoned darts (quivered)
Armour
 b - a +0 scale mail (worn)
 c - a +0 buckler
 e - a +0 pair of boots (worn)
 i - a +0 helmet (worn)
 q - a +3 buckler (worn)
Jewellery
 j - a +6 ring of dexterity (left hand)
 t - an amulet of regeneration (around neck)
 v - an amulet of magic regeneration
 y - an amulet of guardian spirit
 E - an amulet of the acrobat
Wands
 r - a wand of flame (1)
 B - a wand of charming (2)
Scrolls
 g - 3 scrolls of noise
 p - a scroll of enchant armour
 u - 3 scrolls of teleportation
 x - 3 scrolls of blinking
 C - a scroll of immolation
 D - 2 scrolls of identify
 F - a scroll of silence
 J - a scroll of fear {unknown}
 K - a scroll of magic mapping
 L - a scroll of enchant weapon {unknown}
Potions
 d - 2 potions of curing
 h - a potion of mutation
 k - 2 potions of magic
 m - 4 potions of attraction
 n - a potion of haste {unknown}
 o - a potion of might
 s - 3 potions of lignification {unknown}
 z - a potion of resistance {unknown}
 A - 2 potions of flight {unknown}
 G - a potion of heal wounds {unknown}
 H - a potion of berserk rage
 I - 2 potions of degeneration {unknown}


   Skills:
 - Level 3.0 Fighting
 - Level 1.7 Long Blades
 - Level 2.6 Armour
 - Level 4.0 Shields
 + Level 13.0 Unarmed Combat


You had 9 spell levels left.
You didn't know any spells.
Your spell library contained the following spells:

 Spells                   Type           Power      Damage    Failure   Level
 Corpse Rot               Necr/Air       0%         N/A       88%         2
 Poisonous Vapours        Pois/Air       0%         N/A       88%         2
 Sublimation of Blood     Necr           0%         N/A       88%         2
 Petrify                  Tmut/Erth      0%         N/A       100%        4
 Irradiate                Conj/Tmut      0%         3d13      100%        5
 Metabolic Englaciation   Hex/Ice        0%         N/A       100%        5
 Statue Form              Tmut/Erth      0%         N/A       100%        6


Dungeon Overview and Level Annotations

Branches:
Dungeon (8/15)             Temple (1/1) D:5         Ossuary (visited)
   Lair: D:8-11

Altars:
Ashenzari
Cheibriados
Dithmenos
Fedhas
Gozag
Hepliaklqana
Kikubaaqudgha
Makhleb
Nemelex Xobeh
Okawaru
Ru
Sif Muna
Trog
Uskayaw
Vehumet
Wu Jian
Xom
Yredelemnul
Zin
The Shining One

Shops:
D:7 [

Annotations:
D:3 Crazy Yiuf
D:7 Gastronok


Innate Abilities, Weirdness & Mutations

You are mostly covered in yellow scales. (AC +3)
You regenerate a little health from kills.
Your touch may inflict irresistible damage on your foes.


Message History

You block the wight's attack.
The wight hits you from afar with a +0 halberd.
You take 1 damage, and have 38/64 hp.
You hit the wight.
The wight is severely damaged.
You hit the wight.
The wight is almost destroyed.
The wight hits you with a +4 great sword!
You feel drained. The wight barely misses you.
You take 14 damage, and have 25/62 hp.
MASSIVE DAMAGE!!
You hit the wight but do no damage.
The wight is almost destroyed.
The wight hits you with a +4 great sword.
The wight closely misses you.
You take 5 damage, and have 20/62 hp.
You closely miss the wight.
The wight is almost destroyed.
You block the wight's attack.
The wight hits you from afar with a +0 halberd!
* * * LOW HITPOINT WARNING * * *
You take 7 damage, and have 13/62 hp.
You closely miss the wight.
The wight is almost destroyed.
You closely miss the wight.
The wight is almost destroyed.
The wight hits you with a +4 great sword.
* * * LOW HITPOINT WARNING * * *
The wight hits you from afar with a +0 halberd.
* * * LOW HITPOINT WARNING * * *
You take 8 damage, and have 6/62 hp.
You feel better.
The wight hits you with a +4 great sword!
* * * LOW HITPOINT WARNING * * *
You feel drained.
* * * LOW HITPOINT WARNING * * *
You block the wight's attack.
You take 3 damage, and have 3/60 hp.
You feel better.
The wight hits you with a +4 great sword!
You die...

#.......##...##
##..#
#...........##
#..##
#..........##
#...## #
#..........#
#....#
######.........##
#.....
.....##.....##..#
#.....
###........####z##
#.....
#########.## ##z#
#..... ..........#
#@## #...##.
######....# ##.#
#.###### ######
### ##


You could see 2 wights.

Vanquished Creatures
  Psyche (D:8)
  Grinder (D:3)
  A wyvern (D:8)
  A steam dragon (D:7)
  A water moccasin (D:7)
  Duvessa (D:4)
  An orc warrior (D:8)
  A sky beast (D:8)
  An ice beast (D:6)
  2 hornet zombies (Ossuary)
  An ogre (D:4)
  A necrophage (D:5)
  A centaur (D:8)
  4 wyvern zombies
  2 wyvern skeletons (D:7)
  3 water moccasin zombies
  Dowan (D:4)
  3 killer bees (D:8)
  10 wights
  4 howler monkeys
  2 jellies
  6 centaur zombies
  4 bullfrog zombies (Ossuary)
  3 hounds (D:5)
  6 orc priests
  2 centaur skeletons (D:7)
  A gnoll shaman (D:4)
  A bullfrog skeleton (D:4)
  2 orc wizards
  2 killer bee zombies (Ossuary)
  4 howler monkey zombies (Ossuary)
  Robin (D:3)
  16 mummies (Ossuary)
  9 adders
  12 gnolls
  A shadow imp (D:5)
  A white imp (D:7)
  An ufetubus (D:5)
  20 orcs
  6 ball pythons
  5 bats
  7 endoplasms
  A giant cockroach (D:2)
  11 goblins
  2 hobgoblins
  7 jackals
  5 kobolds
  4 quokkas
  4 frilled lizards
  A rat (D:2)
188 creatures vanquished.

Vanquished Creatures (others)
  3 withered plants (Ossuary)
3 creatures vanquished.

Grand Total: 191 creatures vanquished

Notes
Turn   | Place    | Note
-------+----------+-------------------------------------------
     0 | D:1      | jasper the Demonspawn Fighter began the quest for the Orb.
     0 | D:1      | Reached XP level 1. HP: 18/18 MP: 1/1
   486 | D:1      | Gained mutation: Your touch may inflict minor irresistible
                  | damage on your foes. [demonic ancestry]
   486 | D:1      | Reached XP level 2. HP: 20/24 MP: 2/2
   893 | D:1      | Found a faded altar of an unknown god.
   960 | D:1      | Noticed a shining eye
   965 | D:1      | Noticed a great orb of eyes
  1177 | D:1      | Noticed a great orb of eyes
  1181 | D:1      | Noticed an eye of devastation
  1305 | D:2      | Reached XP level 3. HP: 28/29 MP: 3/3
  1736 | D:2      | Reached skill level 1 in Unarmed Combat
  1762 | D:2      | Reached XP level 4. HP: 9/35 MP: 4/4
  1832 | D:2      | Reached skill level 2 in Unarmed Combat
  2759 | D:3      | Noticed Grinder
  2767 | D:3      | Killed Grinder
  2768 | D:3      | Reached skill level 4 in Unarmed Combat
  2768 | D:3      | Gained mutation: You regenerate a little health from kills.
                  | [demonic ancestry]
  2768 | D:3      | Reached XP level 5. HP: 41/41 MP: 5/5
  2768 | D:3      | Gained mutation: You are partially covered in yellow
                  | scales. (AC +2) [demonic ancestry]
  2768 | D:3      | Reached XP level 6. HP: 47/47 MP: 6/6
  2817 | D:3      | Noticed Robin
  2863 | D:3      | Killed Robin
  3062 | D:3      | Found a runed translucent door.
  3063 | D:3      | Noticed Crazy Yiuf
  3690 | D:4      | Reached skill level 5 in Unarmed Combat
  3719 | D:4      | Noticed Duvessa
  3731 | D:4      | Noticed Dowan
  3765 | D:4      | Killed Duvessa
  3770 | D:4      | Killed Dowan
  3771 | D:4      | Gained mutation: You are mostly covered in yellow scales.
                  | (AC +3) [demonic ancestry]
  3771 | D:4      | Reached XP level 7. HP: 13/52 MP: 7/7
  4097 | D:4      | Reached skill level 6 in Unarmed Combat
  4586 | D:5      | Entered Level 5 of the Dungeon
  4647 | D:5      | Reached skill level 7 in Unarmed Combat
  4694 | D:5      | Found a staircase to the Ecumenical Temple.
  4705 | Temple   | Entered the Ecumenical Temple
  4930 | Temple   | Became a worshipper of Uskayaw the Reveller
  5054 | D:5      | Reached * piety under Uskayaw
  5062 | D:5      | Reached ** piety under Uskayaw
  5173 | D:5      | Reached *** piety under Uskayaw
  5175 | D:5      | Gained mutation: Your touch may inflict irresistible damage
                  | on your foes. [demonic ancestry]
  5175 | D:5      | Reached XP level 8. HP: 58/58 MP: 8/8
  5228 | D:5      | Reached skill level 8 in Unarmed Combat
  6033 | D:6      | Reached skill level 9 in Unarmed Combat
  6338 | D:7      | Reached **** piety under Uskayaw
  6352 | D:7      | Reached ***** piety under Uskayaw
  6491 | D:7      | Found a sand-covered staircase.
  6507 | D:7      | Reached skill level 10 in Unarmed Combat
  6513 | Ossuary  | Entered an ossuary
  6588 | Ossuary  | Reached XP level 9. HP: 53/63 MP: 9/9
  6715 | Ossuary  | Reached skill level 11 in Unarmed Combat
  7162 | D:7      | Found Ugakuo's Armour Emporium.
  7181 | D:7      | Reached skill level 12 in Unarmed Combat
  7483 | D:7      | Found a shimmering altar of Xom.
  7735 | D:8      | Noticed Psyche
  7752 | D:8      | Killed Psyche
  7788 | D:8      | Noticed Gastronok
  7943 | D:8      | Reached XP level 10. HP: 24/70 MP: 10/10
  8253 | D:8      | Reached skill level 13 in Unarmed Combat
  8424 | D:8      | HP: 3/60 [wight (3)]
  8425 | D:8      | Slain by a wight

Illustrated notes

Levels and vault maps discovered:
D:1:      dpeg_arrival_snail, layout_basic,
          hellmonk_ecumenical_altar_watching_god
D:2:      layout_basic
D:3:      layout_basic, solitary_fountain, hangedman_decor_push,
          uniq_crazy_yiuf_cottage, uniq_grinder, uniq_robin
D:4:      layout_cave_pools, uniq_duvessa
D:5:      layout_gridville, minmay_temple_entry_trees
D:6:      layout_cave_pools
D:7:      layout_basic, tgw_xom, serial_shops, nicolae_shop_window_shopping,
          lightli_ossuary_entry_decrepit_ruins, hangedman_decor_points
D:8:      layout_layer_cave, roderic_lattice_a, uniq_psyche, uniq_gastronok
Temple:   mainiacjoe_temple_circle_huts

Skill      XL: |  1  2  3  4  5  6  7  8  9 10 |
---------------+-------------------------------+-----
Shields        | 3 4 |  4.0
Unarmed Combat | 1 4 5 7 10 12 13 | 13.0
Fighting       | |  3.0
Long Blades    | |  1.7
Armour         | |  2.6

Action                   |  1- 3 |  4- 6 |  7- 9 | 10-12 || total
-------------------------+-------+-------+-------+-------++-------
Melee: Long sword        |    90 |    25 |       |       ||   115
       Unarmed           |       |   111 |   641 |    53 ||   805
Throw: Stone             |    41 |     1 |     6 |       ||    48
       Dart              |       |       |    27 |       ||    27
Evoke: Wand              |       |    11 |    14 |       ||    25
  Use: Scroll            |     5 |       |     9 |       ||    14
       Potion            |       |     2 |     4 |     2 ||     8
 Stab: Paralysed         |       |       |    12 |       ||    12
       Invisible         |       |       |     3 |       ||     3
Armor: Scale mail        |    45 |    53 |   237 |    26 ||   361
Dodge: Dodged            |    44 |    56 |   187 |    18 ||   305
Block: Buckler           |    24 |    42 |   267 |    24 ||   357

Table legend: (Time is in decaauts)
 A = Elapsed time spent in this place.
 B = Non-inter-level travel time spent in this place.
 C = Inter-level travel time spent in this place.
 D = Time resting spent in this place.
 E = Time spent auto-exploring this place.
 F = Levels seen in this place.
 G = Mean time per level.
                   A        B        C        D        E       F      G
               +--------+--------+--------+--------+--------+-----+--------+
         Total |   8340 |   8052 |    288 |    874 |   5035 |  10 |  834.0 |
       Dungeon |   7611 |   7341 |    270 |    846 |   4740 |   8 |  951.4 |
        Temple |    244 |    226 |     18 |      0 |    198 |   1 |  244.0 |
       Ossuary |    484 |    484 |      0 |     28 |     97 |   1 |  484.0 |
               +--------+--------+--------+--------+--------+-----+--------+

Top non-repeatable levels by time:
     D:1: 1266 daAuts
     D:2: 1156 daAuts
     D:4: 1126 daAuts
     D:3: 1095 daAuts
     D:5: 940 daAuts
     D:7: 830 daAuts
     D:8: 716 daAuts
 Ossuary: 484 daAuts
     D:6: 479 daAuts
  Temple: 244 daAuts
